Map: Romanticide LE

Players

KeyBumpJones - Winner!

  • Race: Terran Terran
  • League: Gold
  • Spawn Location: 11:00

DLCFocesTTV

  • Race: Zerg Zerg
  • League: Platinum
  • Spawn Location: 5:00

VOD

Have the link to the VOD?

Description

Time

  • Played on: Oct. 5, 2020, 10:55 p.m.
  • Length: 18:59
Show
View Real Time Build Order
Export as new Build Order

KeyBumpJones Terran - Winner!

Build Orders: Command Center First (CC) 

Get SALT Encoding   

  12  0:00  SCV  
  13  0:12  SCV  
  14  0:24  SCV  
  14  0:28  Supply Depot  
  15  0:52  Command Center  
  15  0:56  SCV  
  16  1:15  SCV  
  17  1:22  Barracks  
  17  1:29  SCV  
  18  1:35  Refinery  
  18  1:38  Refinery  
  18  1:41  SCV  
  19  1:55  SCV  
  20  2:13  Orbital Command x2  
  20  2:14  Marine  
  21  2:25  Supply Depot  
  21  2:32  Marine  
  21  2:34  Factory  
  22  2:42  SCV x2  
  24  2:53  Supply Depot  
  24  2:54  Marine, SCV  
  24  2:56  SCV  
  27  3:06  SCV  
  28  3:15  SCV  
  28  3:16  Marine  
  28  3:17  Factory Tech Lab  
  28  3:19  Starport  
  30  3:21  Supply Depot  
  30  3:26  SCV  
  31  3:27  SCV  
  31  3:33  Armory  
  32  3:39  Siege Tank, SCV  
  32  3:40  Marine  
  37  3:46  SCV  
  37  3:57  Starport Tech Lab  
  37  4:00  SCV x2  
  39  4:06  Marine  
  40  4:10  Command Center  
  40  4:11  Siege Tank  
  43  4:19  SCV x2  
  43  4:23  Banshee  
  48  4:25  Marine  
  48  4:28  Orbital Command  
  48  4:31  SCV  
  50  4:45  Command Center  
  50  4:59  Marine  
  51  5:01  Hellion  
  53  5:08  SCV x2  
  55  5:15  Factory  
  55  5:17  Barracks  
  55  5:18  Barracks  
  55  5:21  Marine  
  56  5:22  Barracks  
  56  5:26  Orbital Command  
  56  5:34  SCV x2  
  58  5:38  Refinery  
  58  5:39  Refinery  
  58  5:44  Thor  
  58  5:46  SCV  
  58  5:47  SCV  
  66  5:56  SCV  
  68  6:04  Orbital Command  
  67  6:06  Barracks Tech Lab  
  67  6:07  Barracks Reactor  
  67  6:08  SCV x2  
  67  6:09  SCV  
  67  6:10  Barracks Tech Lab  
  70  6:15  Supply Depot  
  70  6:20  SCV  
  71  6:25  Barracks Tech Lab, Stimpack  
  71  6:27  Marine, SCV x2  
  71  6:29  Starport Reactor  
  71  6:30  Supply Depot  
  74  6:33  Engineering Bay x2  
  74  6:35  Marine, Supply Depot  
  74  6:36  Supply Depot  
  74  6:39  Supply Depot x2  
  75  6:45  Marine  
  76  6:53  Marine  
  77  6:56  Barracks  
  77  6:57  Barracks x2  
  77  6:58  Barracks  
  77  7:05  Orbital Command  
  77  7:10  Terran Infantry Weapons Level 1, Ghost Academy, Terran Infantry Armor Level 1  
  77  7:15  Terran Vehicle Weapons Level 1  
  77  7:16  Supply Depot  
  77  7:23  Marine x5  
  77  7:25  Medivac  
  77  7:26  Medivac  
  77  7:28  Drilling Claws  
  90  7:30  Widow Mine x2  
  90  7:32  SCV  
  90  7:33  SCV x3  
  94  7:40  Marine  
  94  7:42  Marine  
  94  7:43  Marine x4  
  100  7:45  SCV x4  
  100  7:47  Barracks  
  100  7:50  Marine x3  
  107  7:57  SCV x3  
  107  7:58  Marine, Widow Mine x2  
  111  8:07  Combat Shield  
  111  8:08  Concussive Shells  
  111  8:09  Barracks Tech Lab  
  111  8:10  Barracks Tech Lab x3  
  111  8:12  Personal Cloaking  
  111  8:17  Refinery  
  111  8:18  Refinery  
  111  8:19  Widow Mine  
  113  8:26  SCV x4  
  117  8:30  Supply Depot  
  117  8:32  Supply Depot  
  117  8:33  Supply Depot  
  117  8:36  Barracks Tech Lab  
  117  8:38  Supply Depot, SCV  
  117  8:39  Barracks  
  117  8:41  Marine, SCV x2  
  120  8:42  Marine x2  
  123  8:52  Supply Depot  
  123  8:59  Medivac x2  
  127  9:03  Marine x5, Marauder x2  
  127  9:04  Marauder x3  
  142  9:10  Terran Infantry Armor Level 2, Terran Infantry Weapons Level 2  
  142  9:14  Supply Depot  
  142  9:18  Supply Depot  
  142  9:21  Marauder, Supply Depot  
  144  9:25  Marine x3, Marauder  
  144  9:26  Marine, Barracks, Marauder x3  
  156  9:44  Ghost x3  
  162  9:46  Command Center  
  162  9:54  Orbital Command  
  162  9:55  Barracks Tech Lab  
  162  10:00  Ghost x2  
  162  10:02  Marine x4  
  162  10:03  Hellbat  
  162  10:04  Hellbat  
  171  10:14  Marine x3, Marauder  
  171  10:15  Marauder x2  
  171  10:16  Medivac  
  171  10:19  SCV x3  
  171  10:20  Marauder  
  187  10:25  Hellbat x2  
  174  10:33  Marine x2  
  174  10:34  Marine x2, Marauder x4  
  174  10:35  Marine  
  174  10:36  Marine, Marauder  
  175  10:45  Command Center  
  171  10:53  SCV x3  
  171  10:56  Marine, Marauder  
  171  10:57  Barracks Tech Lab, Marauder  
  179  10:59  Marine x2  
  179  11:04  Orbital Command  
  181  11:05  SCV x2  
  183  11:25  Ghost x2  
  183  11:26  Marine x2  
  183  11:28  Engineering Bay  
  183  11:31  Engineering Bay  
  189  11:35  Engineering Bay  
  189  11:36  Refinery  
  189  11:39  Refinery  
  184  11:46  Marine x3  
  184  11:47  Marauder x4  
  146  11:51  Terran Infantry Weapons Level 3, Terran Infantry Armor Level 3  
  135  11:57  Marine x5  
  140  12:08  Marine  
  140  12:09  Marine x2, Marauder x3  
  140  12:12  Medivac  
  140  12:13  Medivac  
  152  12:19  Orbital Command  
  152  12:36  Ghost x5  
  162  12:37  Marauder  
  162  12:42  Medivac  
  162  12:43  Medivac  
  168  12:53  Ghost x3  
  168  12:54  Marine x2, Marauder  
  168  12:58  Marine  
  178  13:05  Marine x2, Marauder x2  
  185  13:08  Terran Vehicle Weapons Level 2  
  185  13:10  Infernal Pre-Igniter  
  185  13:13  Command Center  
  185  13:14  Factory  
  185  13:16  Marine x4  
  189  13:21  Factory  
  189  13:24  Marine x6  
  189  13:26  Marine, Marauder  
  198  13:35  Marauder  
  198  13:36  Orbital Command  
  185  13:59  Command Center  
  185  14:01  Marine x4, Marauder  
  185  14:02  Marine, Marauder x4  
  149  14:14  Marine  
  149  14:15  Marauder  
  149  14:19  Marine x2  
  149  14:20  Marauder  
  149  14:22  Medivac x2  
  157  14:32  Orbital Command  
  157  14:36  Factory Tech Lab x2  
  157  14:42  Ghost x3  
  163  15:02  Engineering Bay x2, Hellbat x4  
  163  15:03  Engineering Bay, Sensor Tower  
  163  15:05  Marine, Marauder  
  163  15:06  Marine, Marauder x3  
  181  15:07  Marine x2  
  183  15:20  Orbital Command  
  183  15:23  Hellbat  
  177  15:38  Marine x4, Marauder x3  
  177  15:39  Marauder x2  
  168  15:47  Marine, Marauder x2  
  168  15:49  Widow Mine x4  
  181  15:55  Marine  
  181  15:56  Marine, Marauder  
  181  15:57  Marauder  
  187  15:59  Marine  
  187  16:00  Marauder  
  187  16:07  Marine, Marauder  
  187  16:08  Marine, Marauder x2  
  187  16:09  Marauder  
  187  16:10  Widow Mine  
  196  16:13  Marine x2  
  196  16:17  Marauder  
  200  16:27  Refinery  
  151  16:50  Ghost  
  151  16:51  Ghost x9  
  151  16:53  Orbital Command  
  153  16:55  Marine x2  
  155  17:09  Medivac x2  
  155  17:13  Marine  
  159  17:19  Ghost x4  
  148  17:30  Marine x7  
  148  17:31  Marine  
  149  17:39  Medivac x2  
  153  17:44  Refinery  
  153  17:48  Marine x9  
  162  17:54  Widow Mine  
  162  17:55  Widow Mine x3  
  170  17:58  Marine  
  170  17:59  Marine x2  
  173  18:05  Marine  
  173  18:06  Marine x2  
  173  18:09  Medivac  
  178  18:16  Widow Mine x4  
  186  18:20  Marine  
  186  18:21  Marine x3, Marauder x5  
Show
View Real Time Build Order
Export as new Build Order

DLCFocesTTV Zerg 

Build Orders: Hatch First 

Get SALT Encoding   

  12  0:02  Drone  
  13  0:12  Overlord  
  13  0:21  Drone  
  14  0:31  Drone x2  
  16  0:49  Hatchery  
  15  0:54  Drone  
  15  0:56  Drone  
  17  1:00  Drone  
  18  1:15  Extractor  
  18  1:16  Spawning Pool  
  16  1:19  Drone  
  16  1:22  Drone  
  18  1:28  Drone  
  19  1:40  Overlord  
  19  1:53  Drone  
  20  2:03  Zergling x4  
  20  2:04  Queen x2  
  26  2:21  Hatchery  
  25  2:28  Metabolic Boost  
  25  2:31  Drone  
  25  2:34  Drone  
  27  2:37  Drone  
  28  2:56  Drone  
  29  2:59  Drone  
  29  3:00  Drone x4  
  34  3:12  Overlord  
  34  3:18  Overlord  
  34  3:21  Overlord  
  34  3:31  Extractor  
  33  3:34  Drone  
  33  3:35  Drone x5  
  33  3:40  Drone  
  33  3:41  Roach Warren  
  41  4:10  Lair  
  41  4:11  Queen x2  
  41  4:16  Drone x3  
  46  4:17  Drone  
  46  4:18  Drone x6  
  46  4:23  Overlord x2  
  53  4:29  Roach  
  53  4:30  Roach  
  57  4:36  Spore Crawler  
  56  4:45  Spore Crawler  
  56  4:51  Extractor  
  56  4:52  Extractor  
  53  4:54  Drone x4  
  53  4:56  Roach x5  
  67  5:08  Glial Reconstitution  
  67  5:10  Zergling x12  
  73  5:17  Drone  
  74  5:27  Spire  
  73  5:29  Pneumatized Carapace  
  73  5:31  Drone x2  
  75  5:46  Drone x2  
  75  5:49  Drone x3, Evolution Chamber  
  79  5:50  Overlord x3, Evolution Chamber  
  79  5:51  Overlord x2  
  78  6:08  Baneling Nest, Ravager  
  78  6:09  Ravager x2  
  80  6:12  Drone x4  
  84  6:34  Zerg Ground Armor Level 1, Zerg Missile Weapons Level 1  
  84  6:42  Drone x3  
  84  6:46  Corruptor  
  89  6:47  Overlord x3  
  89  7:01  Roach x2  
  89  7:02  Roach x4  
  99  7:14  Drone x2  
  99  7:15  Extractor x2, Drone x9  
  108  7:17  Hatchery  
  107  7:32  Centrifical Hooks  
  107  7:40  Zerg Flyer Armor Level 1, Infestation Pit  
  107  7:44  Drone x3  
  108  8:17  Roach x13  
  108  8:18  Roach  
  136  8:23  Hatchery, Overlord x3  
  135  8:34  Ravager x4  
  136  8:35  Ravager x2  
  136  8:36  Zergling x2  
  136  8:37  Zergling x2  
  143  9:00  Corruptor  
  143  9:01  Corruptor x3  
  151  9:05  Zergling x24  
  163  9:17  Zergling x4  
  163  9:20  Zerg Missile Weapons Level 2  
  165  9:41  Baneling x8  
  165  9:42  Baneling x14  
  165  9:46  Drone x4  
  169  9:57  Zerg Ground Armor Level 2  
  169  10:01  Hatchery  
  166  10:17  Zergling x2  
  166  10:18  Zergling x12  
  152  10:36  Zergling x26  
  152  10:37  Zergling x10  
  168  10:46  Baneling, Hatchery  
  168  10:47  Baneling x8  
  167  10:54  Overlord x2  
  167  10:55  Overlord x7  
  167  11:16  Roach  
  167  11:17  Roach x10  
  189  11:21  Baneling  
  189  11:22  Baneling x26  
  189  11:23  Baneling x10  
  122  11:52  Zergling x2  
  122  11:53  Zergling x36  
  124  12:01  Roach x5  
  127  12:16  Baneling  
  127  12:32  Corruptor x4  
  127  12:36  Roach x11  
  127  12:37  Roach x6  
  169  12:39  Baneling x10  
  169  12:40  Baneling  
  169  12:44  Drone  
  170  12:52  Extractor  
  170  12:54  Extractor  
  168  13:03  Zergling x12  
  168  13:04  Zergling x14  
  181  13:09  Baneling x6  
  181  13:10  Baneling x13  
  181  13:11  Baneling  
  181  13:16  Drone x5  
  183  13:34  Extractor  
  183  13:36  Extractor  
  165  13:51  Zergling x2  
  165  13:52  Zergling x36  
  149  14:07  Zergling x10  
  149  14:08  Zergling x6  
  129  14:24  Overseer  
  129  14:25  Overseer x2  
  129  14:29  Ravager x6  
  129  14:30  Ravager  
  129  14:31  Roach x13  
  162  14:49  Drone  
  162  14:50  Drone x2  
  162  14:51  Drone x2  
  167  14:55  Hatchery  
  167  14:56  Baneling  
  167  14:57  Baneling x4  
  167  14:58  Baneling  
  167  14:59  Baneling  
  166  15:19  Roach  
  166  15:20  Roach x9  
  186  15:22  Baneling x6  
  186  15:23  Baneling  
  160  15:48  Zergling x2  
  160  15:49  Zergling x38  
  178  15:57  Roach  
  180  16:13  Ravager x15  
  180  16:14  Ravager x5  
  106  16:55  Zergling x2  
  106  16:56  Zergling x46  
  130  17:08  Roach x6  
  131  17:27  Roach  
  131  17:28  Roach x7  
  129  17:39  Zergling x2  
  129  17:40  Zergling x10  
  135  17:55  Roach  
  135  17:56  Roach x14  
  165  18:13  Zergling x2  
  165  18:14  Zergling x22  
  173  18:29  Roach  
  173  18:30  Roach x8  
Tags
 
Add a new tag
Caveats
  • Supply blocks, unpowered buildings, or Contaminate may cause inaccurate times.
  • Supply counts are checked every 10 seconds.